AoeStats
← AloneArcher

Arabian Desert

508563097Analyzed
1v1 RM · 10d ago on Sep 23, 2026· 87m 52s· 2 players
Game mode
Random Map
Map size
Tiny (2 player)
Population
200
Speed
Normal
Resources
Standard
Victory
Conquest
Starting age
Dark Age
Ending age
Imperial Age
RankedLock teamsTeams togetherTeam positionsShared explorationLock speedFull tech treeHidden civsTurbo modeCheats
Victory
Defeat
🇹🇷 Turks · Türkiye
706
+14
🇧🇷 Britons · Brazil
662
-14
Tompzera
4:59 Loom
10:22 Feudal Age
12:01 Wheelbarrow
11:08 Horse Collar
11:17 Double-Bit Axe
11:42 Gold Mining
12:43 Town Watch
16:31 Fletching
16:56 Scale Mail Armor
17:10 Forging
17:10 Scale Mail Armor
21:46 Castle Age
21:48 Crossbowman
23:03 Hand Cart
22:52 Heavy Plow
23:54 Bow Saw
24:41 Stone Mining
25:06 Pikeman
28:18 Gambesons
31:00 Gold Shaft Mining
31:13 Forging
30:58 Bodkin Arrow
31:20 Squires
38:00 Imperial Age
37:02 Iron Casting
36:10 Treadmill Crane
37:19 Yeomen
38:15 Arbalester
38:16 Elite Skirmisher
43:05 Chemistry
42:01 Murder Holes
46:38 Warwolf
46:59 Cavalier
47:04 Light Cavalry
49:17 Husbandry
49:33 Halberdier
53:01 Conscription
55:33 Bracer
55:34 Padded Archer Armor
56:34 Blast Furnace
56:23 Scale Barding Armor
56:36 Leather Archer Armor
57:53 Cavalier
60:18 Ring Archer Armor
60:03 Chain Mail Armor
61:09 Chain Barding Armor
74:03 Plate Barding Armor
84:45 Two-Man Saw
AloneArcher
11:56 Feudal Age
12:06 Man-at-Arms
13:35 Double-Bit Axe
13:35 Horse Collar
16:22 Gold Mining
19:49 Loom
20:25 Scale Mail Armor
24:35 Castle Age
23:58 Stone Mining
24:27 Bloodlines
27:27 Long Swordsman
31:03 Padded Archer Armor
32:28 Bow Saw
34:16 Gold Shaft Mining
33:54 Heavy Plow
39:03 Imperial Age
36:50 Fletching
53:05 Conscription
55:16 Heavy Camel Rider
59:22 Wheelbarrow
61:05 Two-Man Saw
61:59 Bombard Tower
63:27 Scale Barding Armor
63:38 Leather Archer Armor
63:18 Bodkin Arrow
63:34 Forging
63:39 Chain Mail Armor
66:54 Chain Barding Armor
77:08 Hand Cart
76:39 Town Watch
80:45 Plate Barding Armor
80:34 Town Patrol
Connection lost

Rejoining the realm…

Still unreachable

The connection could not be restored.

Session expired

The server has moved on; the page needs a fresh start.